 Dungeon Crawl Stone Soup version 0.28.0 (webtiles) character file.

Game seed: 13907734281847682742

280 lonewolfV2 the Ruffian (level 6, -2/61 HPs)
             Began as a Troll Fighter on Feb 10, 2022.
             Killed by nerve-wracking pain
             ... invoked by an orc priest
              (5 damage)
             ... on level 4 of the Dungeon.
             The game lasted 00:05:58 (2719 turns).

lonewolfV2 the Ruffian (Troll Fighter)              Turns: 2719, Time: 00:05:59

Health: -2/61      AC:  4    Str: 27    XL:     6   Next: 5%
Magic:  5/5        EV:  9    Int:  4    God:
Gold:   163        SH:  7    Dex:  9    Spells: 5/5 levels left

rFire   . . .      SeeInvis .     - Unarmed
rCold   . . .      Faith    .   b - +0 kite shield
rNeg    . . .      Spirit   .   a - +0 robe
rPois   .          Reflect  .   (helmet restricted)
rElec   .          Harm     .   (no cloak)
rCorr   .          Rampage  .   (gloves unavailable)
Will    .....                   (boots unavailable)
Stlth   +.........              (no amulet)
HPRegen 1.00/turn               (no ring)
MPRegen 0.09/turn               (no ring)

@: attractive
A: large, unfitting armour, claws 3, regeneration 1, shaggy fur 1, tough skin 1
a: no special abilities


You were on level 4 of the Dungeon.
You visited 1 branch of the dungeon, and saw 4 of its levels.
You also visited: Ossuary.

You collected 163 gold pieces.

Inventory:

Missiles
 j - 2 throwing nets (quivered)
Armour
 a - a +0 robe (worn)
 b - a +0 kite shield (worn)
Jewellery
 d - a ring of protection from cold
 g - a ring of positive energy
Wands
 k - a wand of digging (8)
Scrolls
 e - a scroll of torment
 f - 2 scrolls of magic mapping
Potions
 c - 3 potions of might
 h - a potion of lignification
 i - a potion of attraction
 n - a potion of magic
 o - a potion of haste {unknown}
 p - a potion of mutation {unknown}


   Skills:
 + Level 3.0 Fighting
 + Level 3.6 Dodging
 + Level 0.1 Stealth
 + Level 3.5 Shields
 + Level 3.9 Unarmed Combat


You had 5 spell levels left.
You didn't know any spells.
Your spell library contained the following spells:

 Spells                   Type           Power      Damage    Failure   Level
 Animate Skeleton         Necr           0%         N/A       80%         1
 Apportation              Tloc           0%         N/A       80%         1
 Sandblast                Erth           0%         2d4       80%         1
 Summon Small Mammal      Summ           0%         N/A       80%         1
 Passwall                 Tmut/Erth      0%         N/A       90%         2
 Call Canine Familiar     Summ           0%         N/A       99%         3
 Stone Arrow              Conj/Erth      0%         3d7       99%         3
 Summon Guardian Golem    Hex/Summ       0%         N/A       99%         3


Dungeon Overview and Level Annotations

Branches:
Dungeon (4/15)            Ossuary (visited)
 Temple: D:4-7

Altars:
Qazlal
Uskayaw
Yredelemnul
The Shining One


Innate Abilities, Weirdness & Mutations

You are too large for most types of armour.
You have claws for hands.
Your natural rate of healing is unusually fast.
You are covered in fur. (AC +1)
You have tough skin. (AC +1)


Message History

The orc wizard shouts!
The endoplasm quivers.
The orc priest closely misses you.
You scratch the orc priest.
The orc priest is moderately wounded.
You block the orc priest's attack.
You claw the orc priest!
The orc priest is severely wounded.
The giant cockroach waves its antennae.
The orc priest invokes the aid of Beogh against you.
Pain shoots through your body! The orc priest hits you with a +0 club.
The orc hits you with a +2 hand axe of electrocution.
You closely miss the orc priest.
The orc priest is severely wounded.
The orc priest begins to cast a cantrip, but forgets the words!
You block the orc priest's attack. You block the endoplasm's attack.
The orc hits you with a +2 hand axe of electrocution.
The giant cockroach barely misses you.
You completely miss the orc priest.
The orc priest is severely wounded.
The orc priest closely misses you.
The orc priest invokes the aid of Beogh against you.
Pain shoots through your body! The endoplasm barely misses you.
The giant cockroach closely misses you.
You scratch the orc priest.
The orc priest is almost dead.
The orc priest hits you with a +0 morningstar!
The giant cockroach bites you but does no damage.
The endoplasm barely misses you.
The orc hits you with a +2 hand axe of electrocution.
You are electrocuted!
* * * LOW HITPOINT WARNING * * *
It was a potion of attraction.
You feel attractive to monsters.
The orc priest hits you with a +0 morningstar.
* * * LOW HITPOINT WARNING * * *
You block the giant cockroach's attack.
The orc priest calls down the wrath of Beogh upon you.
Pain shoots through your body!
You die...

......# *,****,,,,,*.......#.#,
..##..#**##.####.#.#,*########.#,
...#.............#.#,,.....,,..#,
####..####.........#+#..#..**##.,
.Z.#..#* #.............$..#* *.,
.......* #................# *<,
.......#*#................# ***
###.##..,...._.BJ.........#
*...,,,.....So@o........# ****
**###*,......oo###+###### *,,,
*,........# *,* *,,,
********,........# *,* *,,,
,,,,,,,,,....<...# *,******* *,,,
******,,,..####### *,,,,,,,* *,,,
*,,,.,* *******,***,,, *,,,,,*
*,,,,,,,,**,** *,,,,,*
*,,,,,,,,+**,,


You could see 2 orc priests, an orc wizard, an orc, an endoplasm, a giant
cockroach and a ball python.

Vanquished Creatures
  A crimson imp (D:4)
  2 human zombies (Ossuary)
  A hound (D:4)
  An orc wizard (D:3)
  4 adders
  2 worms (D:2)
  2 orcs (D:3)
  5 ball pythons
  6 endoplasms
  7 giant cockroaches
  4 hobgoblins
  6 jackals
  6 kobolds
  2 quokkas
  9 bats
  5 frilled lizards
  5 goblins
  2 goblin zombies (D:4)
  A hobgoblin zombie (D:4)
  A jackal zombie (Ossuary)
  2 kobold skeletons (D:4)
  5 kobold zombies
  An orc zombie (D:4)
  12 rats
92 creatures vanquished.

Notes
Turn   | Place    | Note
-------+----------+-------------------------------------------
     0 | D:1      | lonewolfV2 the Troll Fighter began the quest for the Orb.
     0 | D:1      | Reached XP level 1. HP: 22/22 MP: 0/0
     6 | D:1      | Noticed a swamp worm
     7 | D:1      | Noticed a five-headed hydra
     7 | D:1      | Noticed a hog
    66 | D:1      | Reached XP level 2. HP: 24/29 MP: 1/1
   345 | D:1      | Found a faded altar of an unknown god.
   791 | D:2      | Reached XP level 3. HP: 36/36 MP: 2/2
   822 | D:2      | Found a hide-covered altar of Uskayaw.
  1059 | D:2      | Reached XP level 4. HP: 37/44 MP: 3/3
  2174 | D:4      | Found a sand-covered staircase.
  2185 | D:4      | Reached XP level 5. HP: 48/52 MP: 4/4
  2190 | Ossuary  | Entered an ossuary
  2596 | D:4      | Found a glowing golden altar of the Shining One.
  2619 | D:4      | Reached XP level 6. HP: 59/59 MP: 5/5
  2706 | D:4      | Found a basalt altar of Yredelemnul.
  2710 | D:4      | Found a stormy altar of Qazlal.
  2719 | D:4      | HP: 3/61 [orc priest (2)]
  2719 | D:4      | Killed from afar by an orc priest

Illustrated notes

Levels and vault maps discovered:
D:1:      onia_arrival_zoo_common, layout_loops_ring,
          ebering_ecumenical_altar_box, minmay_rat_gold_closets
D:2:      layout_rooms, basic_altar, grunt_ministairs_6
D:3:      layout_basic, chequers_serial_rivers_room_a
D:4:      layout_basic, nicolae_tso_besieged_by_evil, slow_altar_1,
          overflow_temple_1_default, lemuel_tele_altar,
          lightli_ossuary_entry_decrepit_ruins, nzn_random_ring

Skill      XL: |  1  2  3  4  5  6 |
---------------+-------------------+-----
Shields        | 3 |  3.5
Unarmed Combat | 3 |  3.9
Dodging        | 3 |  3.6
Fighting       | 3 |  3.0
Stealth        | |  0.1

Action                   |  1- 3 |  4- 6 || total
-------------------------+-------+-------++-------
Melee: Unarmed           |   115 |   152 ||   267
  Use: Scroll            |     4 |     6 ||    10
       Potion            |       |     1 ||     1
 Stab: Sleeping          |       |     1 ||     1
Armor: Robe              |    65 |   107 ||   172
Dodge: Dodged            |    62 |   111 ||   173
Block: Kite shield       |    68 |    90 ||   158
